AoeStats
← Infadel

Arabia

508797921Analyzed
1v1 RM · 9d ago on Sep 24, 2026· 22m 26s· 2 players
Game mode
Random Map
Map size
Tiny (2 player)
Population
200
Speed
Normal
Resources
Standard
Victory
Conquest
Starting age
Dark Age
Ending age
Imperial Age
RankedLock teamsTeams togetherTeam positionsShared explorationLock speedFull tech treeHidden civsTurbo modeCheats
Victory
Defeat
1152
+16
🇮🇳 Vietnamese · India
1153
-16
davidlynchcookingquinoa
7:22 Loom
9:42 Feudal Age
10:12 Double-Bit Axe
10:08 Horse Collar
21:04 Castle Age
Infadel
7:24 Loom
9:37 Feudal Age
10:36 Double-Bit Axe
21:36 Castle Age
19:29 Gold Mining
25:02 Castle Age
Connection lost

Rejoining the realm…

Still unreachable

The connection could not be restored.

Session expired

The server has moved on; the page needs a fresh start.